 Dungeon Crawl Stone Soup version 0.29.1-15-g9cfb28693d (webtiles) character file.

Game seed: 5512553051898938358

53 safid the Chiller (level 3, -4/27 HPs)
             Began as a Merfolk Ice Elementalist on Apr 19, 2023.
             Slain by an orc
             ... wielding a +0 short sword
              (5 damage)
             ... on level 3 of the Dungeon.
             The game lasted 00:03:14 (3078 turns).

safid the Chiller (Merfolk Ice Elementalist)        Turns: 3078, Time: 00:03:15

Health: -4/27      AC:  2    Str:  8    XL:     3   Next: 87%
Magic:  4/7        EV: 12    Int: 16    God:
Gold:   70         SH:  0    Dex: 14    Spells: 3/7 levels left

rFire   . . .      SeeInvis .   m - +0 short sword (venom)
rCold   . . .      Faith    .   (no shield)
rNeg    . . .      Spirit   .   a - +0 robe
rPois   .          Reflect  .   (no helmet)
rElec   .          Harm     .   (no cloak)
rCorr   .          Rampage  .   (no gloves)
Will    .....                   (no boots)
Stlth   ++........              (no amulet)
HPRegen 0.09/turn               (no ring)
MPRegen 0.10/turn               (no ring)

@: no status effects
A: (nimble swimmer 2), mertail
a: no special abilities


You were on level 3 of the Dungeon.
You visited 1 branch of the dungeon, and saw 3 of its levels.

You collected 70 gold pieces.

Inventory:

Hand Weapons
 m - a +0 short sword of venom (weapon)
Armour
 a - a +0 robe (worn)
Scrolls
 d - a scroll of fear {unknown}
 i - a scroll of magic mapping {unknown}
 j - 2 scrolls of teleportation {unknown}
 k - 2 scrolls of identify {unknown}
 l - a scroll of enchant weapon {unknown}
 n - a scroll of brand weapon {unknown}
 o - a scroll of immolation {unknown}
 p - a scroll of summoning {unknown}
 q - a scroll of amnesia {unknown}
Potions
 b - a potion of magic
 c - a potion of heal wounds {unknown}
 e - a potion of mutation {unknown}
 f - 2 potions of flight {unknown}
 g - a potion of attraction {unknown}
 h - 2 potions of brilliance {unknown}


   Skills:
 + Level 2.0 Fighting
 - Level 2.6 Dodging
 - Level 2.1 Stealth
 + Level 2.6 Spellcasting
 + Level 4.9 Ice Magic


You had 3 spell levels left.
You knew the following spells:

 Your Spells              Type           Power      Damage    Failure   Level
a - Freeze                Ice            72%        1d9       2%          1
b - Frozen Ramparts       Ice            36%        1d6       8%          3

Your spell library contained the following spells:

 Spells                   Type           Power      Damage    Failure   Level
 Ozocubu's Armour         Ice            18%        N/A       8%          3
 Shock                    Conj/Air       8%         1d3       19%         1
 Poisonous Vapours        Pois/Air       4%         N/A       28%         2
 Swiftness                Air            2%         N/A       50%         3
 Hailstorm                Conj/Ice       10%        3d5       56%         4
 Airstrike                Air            1%         2d(1-17)  88%         4
 Corpse Rot               Necr/Pois/Air  2%         N/A       88%         4
 Borgnjor's Revivificati  Necr           1%         N/A       100%        8
 Necromutation            Tmut/Necr      1%         N/A       100%        8
 Death's Door             Necr           1%         N/A       100%        9


Dungeon Overview and Level Annotations

Branches:
Dungeon (3/15)

Altars:


Innate Abilities, Weirdness & Mutations

((You are very nimble when in or above water. (Stealth+, EV+, Speed+++)))
Your lower body shifts to a powerful aquatic tail in water.


Message History

The quokka is almost dead.
You hear a shout! x2
You kill the quokka!
A hobgoblin comes into view.
The hobgoblin moves out of view.
Casting: Freeze (safe; 2% risk of failure)
Confirm with . or Enter, or press ? or * to list all spells.
Aiming: Freeze (safe; 2% risk of failure)
Press: ? - help, Shift-Dir - straight line, f - orc
Aim: an orc, wielding a +0 mace You freeze the orc.
The orc is heavily wounded.
The orc hits you with a +0 mace!
Unknown command.
Casting: Freeze (safe; 2% risk of failure)
Confirm with . or Enter, or press ? or * to list all spells.
Aiming: Freeze (safe; 2% risk of failure)
Press: ? - help, Shift-Dir - straight line, f/p - orc
Aim: an orc, wielding a +0 mace (heavily wounded)
You freeze the orc.
You kill the orc!
An orc wizard comes into view. It is wielding a +2 dagger of venom.
Your Fighting skill increases to level 2!
You are too injured to fight recklessly!
You are too injured to fight recklessly!
Unknown command.
Things that are here:
a +0 mace; an orc corpse An orc comes into view.
It is wielding a +0 hand axe.
The orc shouts!
A kobold comes into view. It is wielding a +0 whip.
The hobgoblin shouts!
The kobold shouts!
The orc hits you with a +0 short sword.
You hit the orc.
The orc is poisoned.
The orc is heavily wounded.
The orc wizard casts a spell at you. The puff of flame hits you!
* * * LOW HITPOINT WARNING * * *
The orc hits you with a +0 short sword.
You die...

.. # K . g .#.
##o## ...
#o#######
.######@.......
........o...###
#.#####)#####
#.# #<########
#.†.......
#..#######
#.........
#..#######


You could see an orc wizard, 2 orcs, a hobgoblin and a kobold.

Vanquished Creatures
  A worm (D:3)
  2 dart slugs (D:1)
  An orc (D:3)
  3 ball pythons (D:1)
  A bat (D:1)
  2 endoplasms (D:1)
  4 giant cockroaches (D:2)
  5 goblins
  7 hobgoblins
  4 kobolds
  3 quokkas
  3 frilled lizards (D:2)
  5 rats (D:1)
41 creatures vanquished.

Notes
Turn   | Place    | Note
-------+----------+-------------------------------------------
     0 | D:1      | safid the Merfolk Ice Elementalist began the quest for the
                  | Orb.
     0 | D:1      | Reached XP level 1. HP: 13/13 MP: 3/3
   380 | D:1      | Reached XP level 2. HP: 20/20 MP: 5/5
   647 | D:1      | Reached skill level 1 in Fighting
  1211 | D:1      | Reached XP level 3. HP: 25/26 MP: 6/6
  1538 | D:1      | Found a faded altar of an unknown god.
  1743 | D:1      | Learned a level 3 spell: Frozen Ramparts
  3078 | D:3      | HP: 1/27 [orc wizard/puff of flame (9)]
  3078 | D:3      | Slain by an orc

Illustrated notes

Levels and vault maps discovered:
D:1:      lemuel_arrival_tunnels, layout_basic, ebering_ecumenical_altar_box
D:2:      layout_basic
D:3:      layout_loops_ring, kennysheep_vampire_church, gup_sewer_entry_pipe

Skill      XL: |  1  2  3 |
---------------+----------+-----
Fighting       | 1 2 |  2.0
Dodging        | |  2.6
Stealth        | |  2.1
Spellcasting   | |  2.6
Ice Magic      | |  4.9

Action                   || total
-------------------------++-------
Melee: Spear             ||    49
       Short sword       ||    86
 Cast: Freeze            ||    21
 Stab: Sleeping          ||     6
Armor: Robe              ||    29
Dodge: Dodged            ||    92
